Map: Orbital Shipyard

Players

MajeStic - Winner!

  • Race: Protoss Protoss
  • League: Grandmaster

Dayshi

  • Race: Terran Terran
  • League: Grandmaster

Event: DreamHack ZOWIE Open Leipzig

VOD

Have the link to the VOD?

Description

Time

  • Played on: Jan. 22, 2016, 8:34 a.m.
  • Length: 11:43

All games in this series

Show
View Real Time Build Order
Export as new Build Order

MajeStic Protoss - Winner!

Build Orders: 1 Gate Expand, Phoenix Opening 

Get SALT Encoding   

  12  0:00  Probe (Chrono Boost)  
  13  0:11  Probe (Chrono Boost)  
  14  0:18  Pylon  
  14  0:22  Probe (Chrono Boost)  
  15  0:36  Probe (Chrono Boost)  
  15  0:37  Gateway  
  16  0:43  Assimilator  
  16  0:46  Probe (Chrono Boost)  
  17  0:57  Probe (Chrono Boost)  
  18  1:08  Probe (Chrono Boost)  
  19  1:18  Probe (Chrono Boost)  
  20  1:21  Nexus  
  20  1:31  Cybernetics Core  
  20  1:34  Probe (Chrono Boost)  
  21  1:41  Assimilator  
  21  1:44  Probe (Chrono Boost)  
  22  1:50  Pylon  
  22  1:55  Probe (Chrono Boost)  
  23  2:08  Probe, Adept (Chrono Boost), Warp Gate  
  26  2:20  Probe  
  26  2:22  Stargate  
  27  2:32  Probe (Chrono Boost)  
  27  2:34  Probe (Chrono Boost)  
  29  2:43  Mothership Core (Chrono Boost)  
  31  2:45  Probe (Chrono Boost)  
  32  2:55  Probe (Chrono Boost)  
  33  3:01  Probe (Chrono Boost), Pylon  
  33  3:04  Probe (Chrono Boost)  
  33  3:05  Phoenix (Chrono Boost)  
  36  3:11  Pylon  
  37  3:13  Probe  
  37  3:15  Probe  
  39  3:25  Probe x2  
  41  3:27  Phoenix (Chrono Boost)  
  43  3:36  Probe  
  43  3:37  Probe  
  45  3:41  Nexus  
  45  3:47  Twilight Council, Probe  
  45  3:50  Probe  
  47  3:57  Phoenix (Chrono Boost)  
  47  4:01  Assimilator  
  47  4:02  Probe, Assimilator  
  49  4:03  Probe  
  51  4:13  Probe  
  51  4:15  Probe (Chrono Boost)  
  51  4:16  Robotics Facility  
  53  4:25  Probe (Chrono Boost)  
  53  4:27  Probe (Chrono Boost)  
  53  4:29  Resonating Glaives (Chrono Boost)  
  53  4:30  Gateway x2  
  55  4:34  Probe (Chrono Boost)  
  55  4:35  Gateway  
  56  4:40  Probe  
  56  4:43  Sentry  
  56  4:45  Probe  
  59  4:51  Probe  
  59  4:52  Probe  
  61  4:55  Probe  
  61  4:57  Pylon  
  61  4:58  Pylon, Phoenix  
  65  5:02  Probe  
  65  5:04  Probe  
  65  5:06  Probe  
  67  5:11  Observer (Chrono Boost)  
  69  5:14  Probe  
  69  5:15  Gateway  
  69  5:16  Probe x2  
  69  5:18  Gateway  
  72  5:23  Phoenix  
  72  5:25  Sentry  
  72  5:26  Probe  
  72  5:27  Probe  
  77  5:28  Probe  
  77  5:29  Pylon  
  79  5:37  Probe, Warp Prism (Chrono Boost)  
  79  5:39  Probe  
  79  5:40  Assimilator  
  79  5:41  Probe, Adept  
  86  5:44  Pylon  
  86  5:46  Adept, Assimilator  
  88  5:50  Probe  
  89  6:00  Adept  
  89  6:02  Probe x2  
  93  6:08  Observer (Chrono Boost)  
  94  6:11  Pylon  
  94  6:12  Robotics Facility x2  
  94  6:15  Pylon  
  94  6:17  Adept x4  
  102  6:22  Pylon  
  102  6:24  Pylon  
  102  6:30  Immortal (Chrono Boost)  
  102  6:32  Probe  
  106  6:34  Probe  
  107  6:44  Adept x3  
  107  6:45  Adept x2  
  117  6:48  Forge  
  117  6:49  Forge  
  117  6:50  Pylon  
  117  6:52  Pylon  
  109  7:09  Immortal (Chrono Boost)  
  109  7:13  Immortal (Chrono Boost)  
  109  7:15  Templar Archives  
  115  7:17  Immortal (Chrono Boost)  
  115  7:20  Blink  
  115  7:22  Protoss Ground Armor Level 1 (Chrono Boost)  
  119  7:24  Protoss Ground Weapons Level 1 (Chrono Boost)  
  119  7:30  Adept x5  
  127  7:44  Gateway  
  127  7:45  Gateway  
  127  7:51  Adept x3  
  127  7:55  Immortal  
  131  8:00  Immortal x2  
  140  8:12  Adept x4  
  141  8:20  Psionic Storm  
  141  8:29  Warp Prism  
  141  8:32  Nexus  
  139  8:34  High Templar  
  139  8:35  Pylon, High Templar x2  
  146  8:43  Adept  
  146  8:53  Immortal  
  146  8:58  Phoenix  
  146  9:01  Immortal  
  146  9:03  Probe x2  
  146  9:07  Immortal  
  142  9:15  Assimilator  
  138  9:19  Adept x5, Assimilator  
  144  9:26  Phoenix  
  146  9:34  Pylon  
  146  9:36  Pylon  
  146  9:44  Immortal, Adept  
  146  9:45  Adept x2  
  156  9:46  Adept  
  156  9:51  Phoenix  
  160  9:55  Warp Prism  
  160  9:58  High Templar  
  164  10:11  High Templar x2  
  156  10:19  Adept  
  156  10:20  Immortal  
  151  10:34  Immortal  
  159  10:48  Pylon  
  159  10:50  Pylon  
  130  11:24  Gateway x2  
  129  11:27  Gateway  
  129  11:29  Gateway  
  129  11:31  Gateway  
  129  11:33  Adept, Pylon  
  129  11:35  Nexus  
  129  11:36  Pylon  
Show
View Real Time Build Order
Export as new Build Order

Dayshi Terran 

Build Orders: MMM Bio 

Get SALT Encoding   

  12  0:00  SCV  
  13  0:12  SCV  
  14  0:18  Supply Depot  
  14  0:25  SCV  
  15  0:39  SCV  
  15  0:41  Barracks  
  16  0:44  Refinery  
  16  0:52  SCV  
  17  1:04  SCV  
  18  1:17  SCV  
  19  1:27  Barracks Reactor  
  19  1:29  Orbital Command  
  19  1:40  Command Center  
  19  1:49  Supply Depot  
  19  1:54  SCV  
  20  2:03  Marine x2  
  20  2:06  SCV  
  23  2:15  Factory  
  23  2:19  SCV  
  23  2:20  Refinery  
  24  2:26  Marine x2  
  26  2:31  SCV  
  27  2:43  SCV  
  27  2:44  Marine x2  
  30  2:55  SCV, Orbital Command  
  30  3:00  Factory Tech Lab, Starport  
  30  3:04  Marine x2  
  32  3:07  SCV  
  33  3:14  Supply Depot  
  33  3:20  Cyclone  
  33  3:22  SCV  
  33  3:25  SCV  
  38  3:35  SCV  
  38  3:37  SCV  
  40  3:48  SCV  
  41  3:49  SCV  
  42  3:56  Command Center  
  42  4:02  Marine  
  43  4:03  Stimpack  
  43  4:04  Widow Mine  
  43  4:05  Widow Mine  
  43  4:07  SCV  
  48  4:10  SCV  
  48  4:15  Supply Depot  
  49  4:17  Medivac  
  49  4:21  SCV  
  49  4:22  SCV  
  53  4:24  Marine  
  53  4:28  Barracks  
  54  4:34  Liberator  
  54  4:36  SCV  
  55  4:42  Engineering Bay  
  55  4:44  SCV, Barracks  
  56  4:45  Factory Reactor  
  56  4:47  Marine  
  56  4:48  SCV  
  61  4:55  Refinery  
  61  4:58  SCV  
  62  5:05  SCV  
  62  5:12  Missile Turret, Marine  
  62  5:13  Terran Infantry Weapons Level 1, Orbital Command  
  63  5:16  Barracks Tech Lab  
  63  5:18  SCV  
  63  5:19  SCV  
  65  5:22  Refinery  
  65  5:29  Factory Reactor, Orbital Command  
  65  5:31  SCV x2, Marauder  
  67  5:41  Marine x2  
  67  5:42  Combat Shields  
  71  5:43  SCV x2, Marauder  
  71  5:49  Barracks  
  73  5:55  SCV x2  
  75  5:58  SCV  
  75  6:01  Marine  
  77  6:05  Supply Depot x2  
  77  6:07  Barracks  
  77  6:11  Marauder, SCV x2, Medivac, Marine  
  77  6:12  SCV  
  77  6:13  Missile Turret  
  85  6:20  Missile Turret  
  85  6:26  SCV x3, Widow Mine x2  
  85  6:27  Marauder  
  85  6:30  Supply Depot  
  85  6:32  Supply Depot  
  94  6:34  Concussive Shells  
  94  6:38  SCV  
  93  6:40  SCV x2  
  93  6:42  Marine x2, Marauder  
  93  6:44  Barracks Reactor  
  99  6:51  SCV, Supply Depot x2  
  99  6:52  SCV  
  101  6:56  Supply Depot, Barracks Tech Lab  
  99  7:04  SCV  
  99  7:05  Marine  
  99  7:06  Marauder  
  97  7:09  SCV  
  97  7:10  SCV  
  97  7:16  Terran Infantry Armor Level 1, SCV  
  97  7:22  SCV x2, Marauder, Marine x2  
  103  7:23  Supply Depot  
  103  7:24  Widow Mine  
  103  7:26  Marine x2  
  103  7:28  SCV  
  108  7:30  Marine  
  108  7:31  Marine  
  108  7:34  SCV, Medivac  
  113  7:39  SCV  
  113  7:40  Marine  
  116  7:44  Marauder  
  116  7:48  Marauder  
  116  7:50  Marauder, Marine  
  116  7:51  SCV x2  
  122  7:52  Liberator  
  122  7:53  Liberator  
  122  7:57  SCV  
  119  7:59  Marine x3  
  119  8:03  SCV  
  119  8:05  Marauder  
  118  8:08  Widow Mine x2, Marine  
  118  8:09  Marauder  
  118  8:12  Marauder  
  128  8:16  Marine  
  124  8:20  Marine  
  124  8:22  SCV x2  
  124  8:23  SCV  
  124  8:26  Armory, Engineering Bay  
  124  8:27  Marauder  
  120  8:31  Marauder  
  120  8:32  Marine  
  120  8:33  Marauder  
  120  8:34  SCV  
  125  8:38  Command Center  
  125  8:39  Marine  
  125  8:42  Marine  
  125  8:45  Marine  
  125  8:48  Marauder  
  124  8:52  Medivac  
  124  8:53  Medivac  
  121  8:56  Marine  
  121  8:57  Marauder x2, Marine  
  121  9:00  Marine  
  126  9:03  Marine  
  126  9:09  Marauder  
  118  9:14  Marine x2  
  113  9:17  Marine x2  
  113  9:18  Marauder  
  113  9:21  Marine  
  113  9:22  Medivac  
  106  9:26  SCV x3  
  106  9:31  Refinery, Marauder  
  111  9:32  Refinery, Marine x2  
  111  9:35  Marine  
  111  9:36  Marauder  
  116  9:39  Marine  
  116  9:40  SCV x2, Marauder  
  116  9:44  Barracks  
  121  9:50  Marine x2  
  121  9:52  Marauder  
  125  9:53  Marine  
  125  9:56  Marine  
  125  9:57  Marauder  
  125  9:59  Supply Depot  
  129  10:01  Marauder  
  131  10:07  Marine  
  131  10:08  Marine  
  131  10:11  Marine  
  131  10:13  Medivac x2  
  131  10:14  Marine, Marauder  
  132  10:19  Marauder  
  134  10:22  Marine  
  134  10:25  Marine  
  134  10:26  Marine  
  124  10:31  Widow Mine x2  
  124  10:32  Marine  
  124  10:35  Marauder  
  120  10:40  Marauder  
  123  10:43  Marine  
  116  10:50  Marine  
  116  10:56  Marauder  
  119  11:01  Marine  
  119  11:02  Marauder  
  102  11:08  Marine  
  78  11:14  SCV  
  78  11:18  Marauder  
  59  11:19  Marine  
  59  11:22  Marine  

Tags
 
Add a new tag
Caveats
  • Supply blocks, unpowered buildings, or Contaminate may cause inaccurate times.
  • Supply counts are checked every 10 seconds.